 Dungeon Crawl Stone Soup version 0.31.0-9-g3a7656b989 (webtiles) character file.

Game seed: 8177150258744096117

6041 Couri the Basher (level 10, -3/104 HPs)
             Began as a Minotaur Berserker on Feb 5, 2024.
             Was a High Priest of Trog.
             Slain by a yak (6 damage)
             ... while petrified by a catoblepas
             ... on level 1 of the Lair of Beasts.
             The game lasted 00:22:25 (8125 turns).

Couri the Basher (Minotaur Berserker)               Turns: 8125, Time: 00:22:27

Health: -3/104     AC: 10    Str: 27    XL:     10   Next: 56%
Magic:  9/9        EV:  2    Int:  4    God:    Trog [*****.]
Gold:   284        SH:  0    Dex:  9    Spells: 9/9 levels left

rFire   + . .        z - +6 flail
rCold   . . .        r - orb {mayhem}
rNeg    + + +        D - +2 leather armour of Virtue {rPois rF+ SInv}
rPois   ∞            (helmet restricted)
rElec   .            e - +1 cloak
rCorr   .            C - +1 pair of gloves of Lies {rPois}
SInv    +            (no boots)
Will    +....        E - amulet of regeneration
Stlth   +            m - ring of willpower
HPRegen 1.17/turn    F - +5 ring of evasion
MPRegen 0.11/turn

%: mayhem
@: petrified, on berserk cooldown, slowed, studying Fighting
A: horns 2, retaliatory headbutt
a: Renounce Religion, Berserk, Trog's Hand, Brothers in Arms


You were on level 1 of the Lair of Beasts.
You worshipped Trog.
Trog was extremely pleased with you.
You visited 2 branches of the dungeon, and saw 10 of its levels.

You collected 540 gold pieces.
You spent 256 gold pieces at shops.

Inventory:

Hand Weapons
 a - a +0 mace
 d - a +0 whip of venom
 f - a +2 quarterstaff of speed
 o - a +5 falchion
 z - a +6 flail (weapon)
 B - a +0 dagger
 G - a +0 great sword
 H - a +3 short sword
 I - a +3 halberd
Missiles
 n - a throwing net (quivered)
 y - 3 boomerangs
Armour
 b - a +0 animal skin
 e - a +1 cloak (worn)
 i - a +2 ring mail of cold resistance
 q - +0 steam dragon scales
 r - an orb of mayhem (worn)
 C - the +1 pair of gloves of Lies (worn) {rPois}
   (You bought it in a shop on level 6 of the Dungeon)

   rPois:     It protects you from poison
 D - the +2 leather armour of Virtue (worn) {rPois rF+ SInv}
   (You found it on level 7 of the Dungeon)

   rF+:       It protects you from fire.
   rPois:     It protects you from poison SInv: It lets you see invisible.
Jewellery
 m - a ring of willpower (left hand)
 E - an amulet of regeneration (around neck)
 F - a +5 ring of evasion (right hand)
Wands
 s - a wand of flame (34)
Scrolls
 c - 4 scrolls of teleportation
 g - 2 scrolls of blinking
 k - a scroll of amnesia
 l - a scroll of revelation
 t - 2 scrolls of fog
 u - a scroll of noise
 v - 3 scrolls of enchant weapon
 x - 2 scrolls of enchant armour
Potions
 h - 4 potions of curing
 j - 2 potions of degeneration
 p - a potion of brilliance
 w - a potion of berserk rage


   Skills:
 + Level 14.7 Fighting
 + Level 14.8 Maces & Flails
 * Level 6.4 Armour
 - Level 2.1 Dodging


You had 9 spell levels left.
You didn't know any spells.
Your spell library contained the following spells:

 Spells                   Type           Power      Damage    Failure   Level
 Ensorcelled Hibernation  Hex/Ice        0%         N/A       67%         2
 Passwall                 Erth           0%         N/A       88%         3
 Swiftness                Air            0%         N/A       88%         3


Dungeon Overview and Level Annotations

Branches:
Dungeon (9/15)             Temple (0/1) D:7            Lair (1/5) D:9
    Orc: D:9-12

Altars:
Dithmenos
Okawaru
Qazlal
Sif Muna
Vehumet
The Shining One

Shops:
D:5 =   D:6 [


Innate Abilities, Weirdness & Mutations

You have a pair of horns on your head.
You reflexively headbutt those who attack you in melee.


Message History

* * * LOW HITPOINT WARNING * * *
The yak gores you!
* * * LOW HITPOINT WARNING * * *
You have turned to stone.
Your Armour skill increases to level 6!
You are engulfed in calcifying dust.
The yak gores the yak!
The yak gores you!
* * * LOW HITPOINT WARNING * * *
The yak gores you!
* * * LOW HITPOINT WARNING * * *
The yak gores you.
* * * LOW HITPOINT WARNING * * *
The bullfrog is no longer petrified.
The bullfrog barely misses you.
The yak gores the yak!!
The yak gores you but does no damage. The yak gores you. The bullfrog hits you.
The yak gores the yak!
The bullfrog hits you. The yak gores you but does no damage. The yak gores you!
* * * LOW HITPOINT WARNING * * *
The yak gores the yak.
The bullfrog hits you but does no damage.
The yak gores the yak.
The yak gores you!
* * * LOW HITPOINT WARNING * * *
The yak gores you.
* * * LOW HITPOINT WARNING * * *
The bullfrog hits you but does no damage.
The yak gores you but does no damage. The bullfrog hits you. The yak gores you.
* * * LOW HITPOINT WARNING * * *
The yak gores you!
* * * LOW HITPOINT WARNING * * *
The yak gores the yak!!
The yak dies!
Trog accepts your kill.
Trog will now gift you melee weapons as you gain piety.
You are no longer berserk.
You feel yourself slow down.
The bullfrog hits you but does no damage.
The yak gores the yak!
The yak gores you.
* * * LOW HITPOINT WARNING * * *
The bullfrog hits you but does no damage.
The yak gores you!
You die...

PP....# #.## P
P....##.#.##.
..P##............
P............!...
.................
.................
.......YYY.......
...)...†@........
.....$..F.####.#
.##P....<#
..........#
....#........ ...
#.....#.... ..
#.....#.....
##...## ....
#...# ....


You could see 2 yaks, a bullfrog and a neutral yak (fast, strong, frenzied,
distracted).

Vanquished Creatures
  A catoblepas (Lair:1)
  An ugly thing (D:9)
  Maurice (D:7)
  Joseph (D:7)
  A vampire (D:9)
  A wyvern (D:9)
  A steam dragon (D:9)
  Menkaure (D:6)
  3 water moccasins
  An ice beast (D:6)
  3 sky beasts
  4 ogres
  A phantom (D:4)
  A kobold brigand (D:9)
  5 bullfrogs
  2 scorpions
  13 wights
  5 killer bees (D:9)
  2 howler monkeys
  3 bombardier beetles
  2 hounds
  2 jellies
  4 orc priests
  Terence (D:3)
  5 iguanas
  8 orc wizards
  Robin (D:2)
  11 adders
  A shadow imp (D:8)
  2 white imps
  2 ufetubi (D:7)
  2 dart slugs (D:1)
  6 ribbon worms
  14 orcs
  11 bats
  4 endoplasms
  4 giant cockroaches
  8 hobgoblins
  4 jackals (D:2)
  6 quokkas
  11 ball pythons
  2 frilled lizards
  12 goblins
  8 kobolds
  6 rats
188 creatures vanquished.

Vanquished Creatures (collateral kills)
  A yak (Lair:1)
  A phantom (D:5)
  2 wights
  A killer bee (D:9)
  An orc wizard (D:8)
  5 orcs
  A kobold (D:9)
12 creatures vanquished.

Vanquished Creatures (others)
  A steam dragon (D:6)
  2 orcs
3 creatures vanquished.

Grand Total: 203 creatures vanquished

Notes
Turn   | Place    | Note
-------+----------+-------------------------------------------
     0 | D:1      | Couri the Minotaur Berserker began the quest for the Orb.
     0 | D:1      | Reached XP level 1. HP: 19/19 MP: 0/0
    33 | D:1      | Reached XP level 2. HP: 27/27 MP: 1/1
   291 | D:1      | Reached ** piety under Trog
   301 | D:1      | Reached XP level 3. HP: 16/33 MP: 2/2
   677 | D:2      | Reached skill level 5 in Maces & Flails
   872 | D:2      | Reached XP level 4. HP: 39/41 MP: 3/3
   982 | D:2      | Noticed Robin
  1000 | D:2      | Killed Robin
  1297 | D:2      | Reached *** piety under Trog
  1645 | D:3      | Found a faded altar of an unknown god.
  1684 | D:3      | Noticed Terence
  1693 | D:3      | Killed Terence
  1694 | D:3      | Reached skill level 5 in Fighting
  1694 | D:3      | Reached XP level 5. HP: 39/48 MP: 4/4
  1895 | D:3      | Found a stormy altar of Qazlal.
  2146 | D:3      | Found a glowing golden altar of the Shining One.
  2642 | D:4      | Noticed a phantom
  2652 | D:4      | Killed a phantom
  2653 | D:4      | Reached XP level 6. HP: 34/57 MP: 5/5
  3172 | D:5      | Entered Level 5 of the Dungeon
  3182 | D:4      | Identified a scroll of acquirement
  3182 | D:4      | Acquired a manual of Fighting
  3245 | D:5      | Found Adogyaxioph's Jewellery Shop.
  3332 | D:5      | Reached XP level 7. HP: 47/64 MP: 6/6
  4057 | D:6      | Noticed Menkaure
  4063 | D:6      | Killed Menkaure
  4253 | D:6      | Reached XP level 8. HP: 75/75 MP: 7/7
  4257 | D:6      | Reached skill level 10 in Maces & Flails
  4296 | D:6      | Found Gyillyto's Antique Armour Emporium.
  4321 | D:6      | Reached skill level 10 in Fighting
  4739 | D:6      | Reached **** piety under Trog
  5168 | D:7      | Noticed Maurice
  5196 | D:7      | Something stole a +5 falchion
  5197 | D:7      | Something stole a throwing net
  5199 | D:7      | Something stole 314 gold
  5207 | D:7      | Killed Maurice
  5208 | D:7      | Reached XP level 9. HP: 39/89 MP: 0/8
  6182 | D:7      | Found a shimmering blue altar of Sif Muna.
  6182 | D:7      | Found an iron altar of Okawaru.
  6253 | D:7      | Found a staircase to the Ecumenical Temple.
  6445 | D:6      | Bought a pair of ancient gloves for 256 gold pieces
  6445 | D:6      | Identified the +1 pair of gloves of Lies {rPois} (You
                  | bought it in a shop on level 6 of the Dungeon)
  6536 | D:7      | Identified the +2 leather armour of Virtue {rPois rF+ SInv}
  6753 | D:7      | Noticed Joseph
  6766 | D:7      | Killed Joseph
  7058 | D:8      | Found a radiant altar of Vehumet.
  7074 | D:8      | Found a shadowy altar of Dithmenos.
  7442 | D:9      | Found a staircase to the Lair.
  7484 | D:9      | Reached ***** piety under Trog
  7524 | D:9      | Reached XP level 10. HP: 94/96 MP: 9/9
  7732 | D:9      | Noticed a boulder beetle
  7986 | D:9      | Noticed a purple ugly thing
  8034 | D:9      | Killed a purple ugly thing
  8035 | D:9      | Reached skill level 5 in Armour
  8098 | Lair:1   | Entered Level 1 of the Lair of Beasts
  8098 | Lair:1   | Noticed a catoblepas
  8119 | Lair:1   | Killed a catoblepas
  8125 | Lair:1   | HP: 3/104 [yak (3)]
  8125 | Lair:1   | Slain by a yak

Illustrated notes

Levels and vault maps discovered:
D:1:      minmay_arrival_stone_box, layout_rooms, nicolae_wormholes
D:2:      layout_loops_ring, minmay_crystal_room, chequers_serial_rivers_marsh,
          minmay_shallow_snake_nest, uniq_robin
D:3:      layout_loops_corners, marbit_many_paths,
          lemuel_coloured_pillars_altar, shapermc_ecumenical_altar_mp_highgroup,
          wander_ebering_terrifying_dragon_lair, uniq_terence
D:4:      layout_rooms, minmay_cupped
D:5:      layout_basic, serial_shops, nicolae_shop_gaudy_bauble
D:6:      layout_basic, serial_shops, nicolae_take_the_stairs,
          serial_bayou_pond_b, uniq_menkaure
D:7:      layout_basic, amethyst_overflow_temple_binary, temple_hall,
          uniq_maurice, uniq_joseph
D:8:      layout_rooms, mainiacjoe_overflow_tiny_flanked,
          grunt_dithmenos_smoke_and_mirrors, abandoned_shop
D:9:      layout_big_octagon, lair_entry_dummy, kennysheep_opposing_triangles
Lair:1:   layout_regular_city, serial_forest, infiniplex_forest_straight_3,
          infiniplex_forest_clump_curved, infiniplex_forest_end_3,
          infiniplex_forest_clump_long, infiniplex_forest_pool,
          infiniplex_forest_pool, infiniplex_forest_3_way, grunt_megastairs_4

Skill      XL: |  1  2  3  4  5  6  7  8  9 10 |
---------------+-------------------------------+-----
Maces & Flails | 4 5 6 7 8 9 12 14 | 14.8
Fighting       | 4 5 6 8 11 13 14 | 14.7
Armour         | 6 |  6.4
Dodging        | |  2.1

Action                     |  1- 3 |  4- 6 |  7- 9 | 10-12 || total
---------------------------+-------+-------+-------+-------++-------
  Melee: Mace              |    79 |   120 |   173 |       ||   372
         Headbutt          |    10 |    30 |    31 |    12 ||    83
         Flail             |       |       |    78 |    47 ||   125
 Invoke: Berserk           |     2 |     2 |     3 |     1 ||     8
         Trog's Hand       |       |       |       |     2 ||     2
    Use: Scroll            |       |     8 |     8 |       ||    16
         Potion            |       |     1 |     2 |     1 ||     4
   Stab: Invisible         |       |       |     2 |       ||     2
 Armour: Animal skin       |    42 |       |       |       ||    42
         Ring mail         |     9 |    95 |   130 |       ||   234
         Leather armour    |       |       |    36 |    89 ||   125
  Dodge: Dodged            |    69 |    78 |   107 |    53 ||   307
